 Dungeon Crawl Stone Soup version 0.23-a0-296-ga3b1b28 (webtiles) character file.

168 KristoblXynda the Chopper (level 5, -19/38 HPs)
             Began as a Demonspawn Gladiator on Oct 5, 2018.
             Demolished by an ogre
             ... wielding a +0 giant club
              (20 damage)
             ... on level 4 of the Dungeon.
             The game lasted 00:05:14 (2416 turns).

KristoblXynda the Chopper (Demonspawn Gladiator)    Turns: 2416, Time: 00:05:15

Health: -19/38     AC: 10    Str: 15 (16) XL:     5   Next: 23%
Magic:  0/5        EV: 16    Int:  7 (9)  God:
Gold:   238        SH:  4    Dex: 18 (19) Spells: 4/4 levels left

rFire    . . .     SeeInvis .   a - +0 war axe
rCold    . . .     Gourm    .   o - +0 buckler
rNeg     . . .     Faith    .   w - +0 ring mail
rPois    .         Spirit   +   (helmet restricted)
rElec    .         Reflect  .   q - +1 cloak
rCorr    .         Harm     .   (no gloves)
MR       .....                  (no boots)
Stlth    ++........             b - amulet of guardian spirit
HPRegen  0.12/turn              y - +3 ring of slaying
MPRegen  0.09/turn              i - +2 ring of evasion

@: agile, lethally poisoned (-19 -> -24), flying, constricted
A: antennae 1, molten scales 2
a: no special abilities


You were on level 4 of the Dungeon.
You were hungry.

You visited 1 branch of the dungeon, and saw 4 of its levels.

You collected 238 gold pieces.

Inventory:

Hand Weapons
 a - a +0 war axe (weapon)
 r - a +5 whip
Missiles
 d - 3 throwing nets (quivered)
Armour
 o - a +0 buckler (worn)
 q - a +1 cloak (worn)
 w - a +0 ring mail (worn)
Jewellery
 b - an amulet of guardian spirit (around neck)
 e - an uncursed ring of protection from magic
 i - a +2 ring of evasion (right hand)
 y - a +3 ring of slaying (left hand)
Wands
 z - a wand of flame (25)
Scrolls
 c - a scroll of teleportation
 h - 2 scrolls of remove curse
Potions
 l - a potion of resistance
 m - a potion of might
 p - a potion of brilliance {unknown}
 s - a potion of heal wounds {unknown}
 t - 2 potions of magic
 x - a potion of lignification {unknown}
Comestibles
 f - 4 rations
 B - a chunk of flesh


   Skills:
 - Level 2.0 Fighting
 * Level 4.1 Axes
 - Level 2.2 Throwing
 + Level 1.5 Armour
 + Level 3.6 Dodging
 + Level 0.5 Shields


You had 4 spell levels left.
You didn't know any spells.
Your spell library was empty.

Dungeon Overview and Level Annotations

Branches:
Dungeon (4/15)
 Temple: D:4-7

Altars:


Innate Abilities, Weirdness & Mutations

You have a pair of small antennae on your head.
You are mostly covered in molten scales. (AC +3)


Message History

* * * LOW HITPOINT WARNING * * *
You feel sick.
The ball python bites you but does no damage.
You block the ball python's attack.
The worker ant bites you but does no damage.
The ball python closely misses you. The ball python grabs you.
The ball python constricts you. The ogre completely misses you.
It was a potion of flight.
You feel very buoyant.
You fly up into the air.
* * * LOW HITPOINT WARNING * * *
You feel sick. You block the worker ant's attack.
The ball python bites you but does no damage.
* * * LOW HITPOINT WARNING * * *
The ball python constricts you.
The ball python's grasp on you weakens, but your attempt to escape fails.
* * * LOW HITPOINT WARNING * * *
You feel sick. The ogre hits you with a giant club!!
Ouch! That really hurt!
You die...

#...................
#######...)...............
........................$.
..........................
.........................S
........................##
......................###
..........>..SaO....###
..............@...###
................###
.............###
..........##..#
........#####.. ........#
#.


You could see an ogre, a worker ant and a ball python.

Vanquished Creatures
  Crazy Yiuf (D:2)
  Ijyb (D:3)
  A hound skeleton (D:4)
  Robin (D:3)
  An ooze (D:1)
  2 worms (D:2)
  An adder skeleton (D:4)
  3 dart slugs
  5 leopard geckos
  An orc (D:3)
  2 giant cockroaches
  9 goblins
  10 hobgoblins
  4 jackals
  2 quokkas
  7 bats
  5 frilled lizards
  A kobold (D:3)
  10 rats
67 creatures vanquished.

Notes
Turn   | Place    | Note
-------+----------+-------------------------------------------
     0 | D:1      | KristoblXynda the Demonspawn Gladiator began the quest for
                  | the Orb.
     0 | D:1      | Reached XP level 1. HP: 16/16 MP: 1/1
   115 | D:1      | Gained mutation: You are partially covered in molten
                  | scales. (AC +2) [demonic ancestry]
   115 | D:1      | Reached XP level 2. HP: 19/22 MP: 2/2
   234 | D:1      | Reached skill level 3 in Axes
   728 | D:2      | Gained mutation: You are mostly covered in molten scales.
                  | (AC +3) [demonic ancestry]
   728 | D:2      | Reached XP level 3. HP: 27/27 MP: 3/3
   781 | D:2      | Found a runed door.
  1223 | D:2      | Noticed Crazy Yiuf
  1228 | D:2      | Killed Crazy Yiuf
  1228 | D:2      | Reached skill level 1 in Armour
  1228 | D:2      | Gained mutation: You have a pair of small antennae on your
                  | head. [demonic ancestry]
  1228 | D:2      | Reached XP level 4. HP: 15/33 MP: 4/4
  1542 | D:3      | Noticed Ijyb
  1628 | D:3      | Noticed Robin
  1647 | D:3      | Killed Robin
  2269 | D:3      | Killed Ijyb
  2269 | D:3      | Reached skill level 4 in Axes
  2269 | D:3      | Reached XP level 5. HP: 31/38 MP: 5/5
  2393 | D:4      | Noticed an ogre
  2416 | D:4      | HP: 1/38 [poisoned by a worker ant]
  2416 | D:4      | Demolished by an ogre

Vault maps used:
D:1:      sevenhm_arrival_forest_fort_small_4
D:2:      uniq_crazy_yiuf_cottage
D:3:      uniq_ijyb, uniq_robin
D:4:      nicolae_overflow_hidden_temple, nicolae_ossuary_entry_false_entrances,
          dk_xom_monty_hall

Skill      XL: |  1  2  3  4 |
---------------+-------------+-----
Throwing       | 2 |  2.2
Axes           | 3 4 |  4.1
Dodging        | 3 |  3.6
Armour         | 1 |  1.5
Fighting       | |  2.0
Shields        | |  0.5

Action                   |  1- 3 |  4- 6 || total
-------------------------+-------+-------++-------
Melee: War axe           |    91 |    72 ||   163
  Use: Scroll            |     3 |     8 ||    11
       Potion            |     1 |     5 ||     6
 Stab: Sleeping          |     2 |       ||     2
       Distracted        |       |     1 ||     1
  Eat: Chunk             |     1 |       ||     1
       Ration            |       |     1 ||     1
Armor: Leather armour    |    32 |    19 ||    51
       Ring mail         |       |    27 ||    27
Dodge: Dodged            |    80 |    92 ||   172
Block: Buckler           |       |    16 ||    16

Table legend:
 A = Non-vault XP
 B = Vault XP
 C = Vault XP percentage of total XP
 D = Non-vault monster count
 E = Vault monster count
 F = Vault count percentage of total count
                 A         B        C        D         E       F
            +---------+---------+-------+---------+---------+-------
      Total |     129 |     111 |  46.2 |      54 |      13 |  19.4
            +---------+---------+-------+---------+---------+-------
        D:1 |      34 |       0 |   0.0 |      15 |       0 |   0.0
        D:2 |      49 |      40 |  44.9 |      22 |       1 |   4.3
        D:3 |      21 |      71 |  77.2 |      14 |      12 |  46.2
        D:4 |      25 |       0 |   0.0 |       3 |       0 |   0.0
            +---------+---------+-------+---------+---------+-------
